 Dungeon Crawl Stone Soup version 0.29.1-2-gbd0b4ee654 (webtiles) character file.

Game seed: 309367422047478520

51 DildoBatman the Conjurer (level 4, -1/30 HPs)
             Began as a Formicid Conjurer on Nov 3, 2022.
             Slain by an endoplasm (2 damage)
             ... on level 2 of the Dungeon.
             The game lasted 00:02:26 (680 turns).

DildoBatman the Conjurer (Formicid Conjurer)         Turns: 680, Time: 00:02:27

Health: -1/30      AC:  2    Str: 12    XL:     4   Next: 5%
Magic:  7/7        EV: 12    Int: 17    God:
Gold:   11         SH:  0    Dex: 14    Spells: 4/7 levels left

rFire   . . .      SeeInvis +   c - +0 dagger
rCold   . . .      Faith    .   (no shield)
rNeg    . . .      Spirit   .   a - +0 robe
rPois   .          Reflect  .   (helmet unavailable)
rElec   .          Harm     +   h - scarf {harm}
rCorr   .          Rampage  .   (no gloves)
Will    .....                   (no boots)
Stlth   ++........              r - amulet of magic regeneration
HPRegen 0.10/turn               (no ring)
MPRegen 0.50/turn               (no ring)

@: no status effects
A: permanent stasis, dig shafts and tunnels, antennae 3, four strong arms
a: Dig, Shaft Self


You were on level 2 of the Dungeon.
You visited 1 branch of the dungeon, and saw 2 of its levels.

You collected 11 gold pieces.

Inventory:

Hand Weapons
 c - a +0 dagger (weapon)
Missiles
 g - 18 stones
Armour
 a - a +0 robe (worn)
 h - a scarf of harm (worn)
Jewellery
 r - an amulet of magic regeneration (around neck)
Scrolls
 e - a scroll of blinking {unknown}
Potions
 b - a potion of magic
 d - 2 potions of might {unknown}
 f - a potion of berserk rage {unknown}


   Skills:
 - Level 1.7 Dodging
 - Level 2.4 Stealth
 - Level 2.1 Spellcasting
 * Level 4.9 Conjurations


You had 4 spell levels left.
You knew the following spells:

 Your Spells              Type           Power      Damage    Failure   Level
a - Searing Ray           Conj           36%        2d5       3%          2
c - Magic Dart            Conj           72%        1d6       2%          1

Your spell library contained the following spells:

 Spells                   Type           Power      Damage    Failure   Level
 Dazzling Flash           Conj/Hex       20%        N/A       21%         3
 Fulminant Prism          Conj/Hex       5%         3d7       56%         4
 Iskenderun's Mystic Bla  Conj/Tloc      10%        2d4       56%         4


Dungeon Overview and Level Annotations

Branches:
Dungeon (2/15)

Altars:

Annotations:
D:2 Natasha


Innate Abilities, Weirdness & Mutations

You cannot be hasted, slowed, berserked, paralysed or teleported.
You can dig through walls and to a lower floor.
You have a pair of large antennae on your head. (SInv)
Your four strong arms can wield two-handed weapons with a shield.


Message History

What are your orders? t - Shout!
Orders for allies: a - Attack new target. r - Retreat! s - Stop attacking. g - Guard the area. f - Follow me.
Anything else - Cancel.
You shout for attention!
The goblin shoots a sling bullet.
The sling bullet barely misses you. The endoplasm hits you.
What are your orders? t - Shout!
Orders for allies: a - Attack new target. r - Retreat! s - Stop attacking. g - Guard the area. f - Follow me.
Anything else - Cancel.
You shout for attention!
The goblin shoots a sling bullet.
The sling bullet hits you but does no damage.
The endoplasm freezes you.
You are frozen.
What are your orders? t - Shout!
Orders for allies: a - Attack new target. r - Retreat! s - Stop attacking. g - Guard the area. f - Follow me.
Anything else - Cancel.
You shout for attention!
The goblin shoots a sling bullet.
The sling bullet hits you. The endoplasm barely misses you.
What are your orders? t - Shout!
Orders for allies: a - Attack new target. r - Retreat! s - Stop attacking. g - Guard the area. f - Follow me.
Anything else - Cancel.
You shout for attention!
The endoplasm hits you.
You die...

#..# #.#.#.# #..#
#.#.#.# #..#
###.#.#.# #..##
$....#.# ###....
#...g.#### #.....#
+......... +......
#...(.#######....##
+.@J..†....>..†....
#.....#.###.#######
#.....#....... ....
#.....#..##.#######
#.....#..#..)...#..
#.....#..#..##.....
.....#.#..#..##..#.#
.#####.#..#..##. #.#
..##..#.#


You could see an endoplasm and a goblin.

Vanquished Creatures
  An adder (D:2)
  A worm (D:2)
  4 dart slugs (D:1)
  5 ball pythons (D:1)
  A giant cockroach (D:1)
  6 goblins
  2 hobgoblins
  2 kobolds (D:1)
  4 bats
  2 frilled lizards
  2 rats (D:1)
30 creatures vanquished.

Notes
Turn   | Place    | Note
-------+----------+-------------------------------------------
     0 | D:1      | DildoBatman the Formicid Conjurer began the quest for the
                  | Orb.
     0 | D:1      | Reached XP level 1. HP: 13/13 MP: 3/3
   134 | D:1      | Reached XP level 2. HP: 19/19 MP: 0/5
   144 | D:1      | Reached skill level 4 in Conjurations
   151 | D:1      | Learned a level 2 spell: Searing Ray
   244 | D:1      | Reached XP level 3. HP: 21/24 MP: 2/6
   574 | D:2      | Noticed Natasha
   662 | D:2      | Reached XP level 4. HP: 30/30 MP: 3/7
   679 | D:2      | HP: 1/30 [goblin/sling bullet (3)]
   680 | D:2      | Slain by an endoplasm

Illustrated notes

Levels and vault maps discovered:
D:1:      saegor_arrival_miasma, layout_rooms
D:2:      layout_basic, basic_ecumenical_altar, uniq_natasha, uniq_sigmund

Skill      XL: |  1  2 |
---------------+-------+-----
Conjurations   | 4 |  4.9
Dodging        | |  1.7
Stealth        | |  2.4
Spellcasting   | |  2.1

Action                   |  1- 3 |  4- 6 || total
-------------------------+-------+-------++-------
Melee: Dagger            |     8 |       ||     8
 Cast: Magic Dart        |    51 |       ||    51
Armor: Robe              |     5 |     1 ||     6
Dodge: Dodged            |    14 |     7 ||    21
